 Dungeon Crawl Stone Soup version 0.28-a0-2-g643f2454ad (webtiles) character file.

Game seed: 4494747863760599534

1339 siradein the Reanimator (level 8, -4/54 HPs)
             Began as a Demonspawn Necromancer on July 22, 2021.
             Succumbed to a gnoll sergeant's poison
             ... on level 6 of the Dungeon on July 23, 2021.
             The game lasted 00:24:21 (8865 turns).

siradein the Reanimator (Demonspawn Necromancer)    Turns: 8865, Time: 00:24:21

Health: -4/54      AC:  4    Str:  9    XL:     8   Next: 35%
Magic:  5/11       EV: 12    Int: 19    God:
Gold:   271        SH:  5    Dex: 13    Spells: 2/11 levels left

rFire   + . .      SeeInvis .   i - +3 dagger
rCold   . . .      Faith    .   (no shield)
rNeg    . . .      Spirit   .   a - +0 robe
rPois   .          Reflect  +   (no helmet)
rElec   .          Harm     .   (no cloak)
rCorr   .          Rampage  .   (no gloves)
Will    .....                   (no boots)
Stlth   ++........              v - amulet of reflection
HPRegen 0.18/turn               k - ring of protection from fire
MPRegen 0.12/turn               (no ring)

@: lethally poisoned (-4 -> -33), studying Necromancy
A: claws 1, rugged brown scales 2, demonic magic 1
a: no special abilities


You were on level 6 of the Dungeon.
You visited 2 branches of the dungeon, and saw 7 of its levels.

You collected 271 gold pieces.

Inventory:

Hand Weapons
 i - a +3 dagger (weapon)
 s - a +2 vorpal hand axe
 x - a +2 whip of electrocution
Missiles
 w - 8 curare-tipped darts
Armour
 a - a +0 robe (worn)
Jewellery
 k - a ring of protection from fire (left claw)
 v - an amulet of reflection (around neck)
Wands
 l - a wand of iceblast (9)
Scrolls
 b - a scroll of teleportation
 c - a scroll of enchant armour {unknown}
 f - 4 scrolls of identify {unknown}
 g - a scroll of magic mapping {unknown}
 h - a scroll of amnesia {unknown}
 m - 2 scrolls of immolation {unknown}
 o - 4 scrolls of noise {unknown}
 q - a scroll of silence {unknown}
 t - a scroll of blinking {unknown}
Potions
 d - a potion of mutation {unknown}
 e - a potion of invisibility {unknown}
 j - a potion of curing {unknown}
 n - 2 potions of brilliance {unknown}
 p - 3 potions of attraction {unknown}
 r - a potion of degeneration {unknown}
 u - a potion of lignification {unknown}
 z - a potion of cancellation {unknown}


   Skills:
 - Level 1.7 Dodging
 - Level 1.7 Stealth
 - Level 2.0 Spellcasting
 + Level 14.8 Necromancy


You had 2 spell levels left.
You knew the following spells:

 Your Spells              Type           Power      Damage    Failure   Level
a - Pain                  Necr           100%       1d9       1%          1
b - Vampiric Draining     Necr           27%        2d9       1%          3
c - Animate Dead          Necr           27%        N/A       1%          4
d - Magic Dart            Conj           4%         1d3       17%         1

Your spell library contained the following spells:

 Spells                   Type           Power      Damage    Failure   Level
 Animate Skeleton         Necr           100%       N/A       1%          1
 Passwall                 Tmut/Erth      0%         N/A       26%         2
 Searing Ray              Conj           2%         3d3       26%         2
 Agony                    Necr           55%        N/A       1%          5
 Swiftness                Air            1%         N/A       45%         3
 Fulminant Prism          Conj/Hex       0%         3d6       86%         4
 Invisibility             Hex            0%         N/A       100%        6


Dungeon Overview and Level Annotations

Branches:
Dungeon (6/15)             Temple (1/1) D:5

Altars:
Ashenzari
Cheibriados
Dithmenos
Elyvilon
Fedhas
Gozag
Hepliaklqana
Nemelex Xobeh
Okawaru
Qazlal
Sif Muna
Trog
Uskayaw
Vehumet
Xom
Yredelemnul
The Shining One


Innate Abilities, Weirdness & Mutations

You have sharp fingernails.
You are mostly covered in rugged brown scales. (AC +2, +5% HP)
Spells you cast may paralyse adjacent enemies.


Message History

Press: ? - help, Q - select action, (/) - cycle Shift-Dir - straight line, f/p - gnoll
Aim: a gnoll, wielding a +0 club (severely wounded, chance to affect: 89%)
The gnoll writhes in agony.
You kill the gnoll!
Malevolent energies surge around you.
Items here: )) ††.
You see here 18 gold pieces.
The gnoll sergeant shouts!
You block the gnoll sergeant's attack.
Things that are here:
a +0 club; a gnoll skeleton The gnoll sergeant hits you with a +1 trident of venom!
You are poisoned.
Aiming: Pain (safe; 1% risk of failure)
Press: ? - help, Q - select action, (/) - cycle Shift-Dir - straight line, f - gnoll sergeant
Aim: a gnoll sergeant, wielding a +1 trident of venom and wearing a +0 ring mail (chance to affect: 84%)
The gnoll sergeant writhes in agony!
Malevolent energies surge around you.
You feel very sick.
The gnoll sergeant hits you with a +1 trident of venom.
You are lethally poisoned!
Aiming: Pain (safe; 1% risk of failure)
Press: ? - help, Q - select action, (/) - cycle Shift-Dir - straight line, f/p - gnoll sergeant
Aim: a gnoll sergeant, wielding a +1 trident of venom and wearing a +0 ring mail (moderately wounded, chance to affect: 84%)
The gnoll sergeant writhes in agony.
Malevolent energies surge around you.
You feel very sick.
The gnoll sergeant hits you with a +1 trident of venom.
* * * LOW HITPOINT WARNING * * *
You are more poisoned.
Aiming: Pain (safe; 1% risk of failure)
Press: ? - help, Q - select action, (/) - cycle Shift-Dir - straight line, f/p - gnoll sergeant
Aim: a gnoll sergeant, wielding a +1 trident of venom and wearing a +0 ring mail (heavily wounded, chance to affect: 84%)
The gnoll sergeant writhes in agony!
Malevolent energies surge around you.
* * * LOW HITPOINT WARNING * * *
You feel extremely sick.
The gnoll sergeant completely misses you.
Aiming: Pain (safe; 1% risk of failure)
Press: ? - help, Q - select action, (/) - cycle Shift-Dir - straight line, f/p - gnoll sergeant
Aim: a gnoll sergeant, wielding a +1 trident of venom and wearing a +0 ring mail (almost dead, chance to affect: 84%)
The gnoll sergeant writhes in agony.
Malevolent energies surge around you.
You die...

### #.. #.# ... #.# #.#
#g# #### .. #@# #.)<
... #)# #)## ...####.##
#)# .........# #.#
.......$.############.#
.........##...........#
.........##.###########
....!....##.#
.........##.#


You could see a gnoll sergeant.

Vanquished Creatures
  Grinder (D:4)
  Sigmund (D:4)
  Menkaure (D:6)
  A black bear (D:3)
  A necrophage (D:4)
  2 scorpions (D:5)
  A water moccasin skeleton (D:4)
  A jelly (D:6)
  2 hounds (D:4)
  A bullfrog skeleton (D:5)
  A gnoll shaman (D:4)
  An iguana (D:3)
  Natasha (thrice) (D:4)
  A hound skeleton (D:4)
  14 gnolls
  3 adders
  An ufetubus (D:6)
  2 adder skeletons (D:4)
  2 worms
  A dart slug (D:3)
  6 orcs
  9 endoplasms
  2 giant cockroaches (D:4)
  8 hobgoblins
  6 kobolds
  4 quokkas
  8 ball pythons
  4 bats
  7 frilled lizards
  6 goblins
  2 rats (D:1)
103 creatures vanquished.

Vanquished Creatures (collateral kills)
  A hobgoblin (D:4)
1 creature vanquished.

Grand Total: 104 creatures vanquished

Notes
Turn   | Place    | Note
-------+----------+-------------------------------------------
     0 | D:1      | siradein the Demonspawn Necromancer began the quest for the
                  | Orb.
     0 | D:1      | Reached XP level 1. HP: 13/13 MP: 3/3
   259 | D:1      | Gained mutation: You are partially covered in rugged brown
                  | scales. (AC +1, +3% HP) [demonic ancestry]
   259 | D:1      | Reached XP level 2. HP: 5/19 MP: 0/5
   523 | D:1      | Reached skill level 5 in Necromancy
   600 | D:1      | Found a faded altar of an unknown god.
  1656 | D:2      | Gained mutation: You are mostly covered in rugged brown
                  | scales. (AC +2, +5% HP) [demonic ancestry]
  1656 | D:2      | Reached XP level 3. HP: 14/25 MP: 6/6
  2272 | D:3      | Learned a level 3 spell: Vampiric Draining
  2469 | D:3      | Reached skill level 6 in Necromancy
  2469 | D:3      | Gained mutation: You have sharp fingernails. [demonic
                  | ancestry]
  2469 | D:3      | Reached XP level 4. HP: 24/31 MP: 0/7
  3409 | D:4      | Noticed a phantom
  3426 | D:4      | Noticed Grinder
  3499 | D:4      | Noticed a black bear
  3532 | D:3      | Killed a black bear
  3533 | D:3      | Reached skill level 8 in Necromancy
  3533 | D:3      | Reached XP level 5. HP: 5/36 MP: 2/8
  3797 | D:3      | Learned a level 4 spell: Animate Dead
  4291 | D:4      | Reached skill level 9 in Necromancy
  4503 | D:4      | Reached XP level 6. HP: 35/43 MP: 2/9
  4623 | D:4      | Noticed Sigmund
  4630 | D:4      | Killed Sigmund
  4631 | D:4      | Reached skill level 10 in Necromancy
  4726 | D:4      | Found a shimmering altar of Xom.
  4726 | D:4      | Found an iron altar of Okawaru.
  4837 | D:4      | Noticed Natasha
  4843 | D:4      | Found a shadowy altar of Dithmenos.
  5706 | D:4      | You fall into a shaft and drop 1 floor!
  5706 | D:5      | Entered Level 5 of the Dungeon
  5712 | D:5      | Found a staircase to the Ecumenical Temple.
  5719 | Temple   | Entered the Ecumenical Temple
  5986 | D:5      | Reached skill level 11 in Necromancy
  5986 | D:5      | Gained mutation: Spells you cast may paralyse adjacent
                  | enemies. [demonic ancestry]
  5986 | D:5      | Reached XP level 7. HP: 30/48 MP: 1/10
  6430 | D:5      | Found a broken altar of Ashenzari.
  6715 | D:5      | Learned a level 1 spell: Magic Dart
  6946 | D:4      | Killed Natasha
  7223 | D:4      | Reached skill level 12 in Necromancy
  7594 | D:4      | Noticed Natasha
  7605 | D:4      | Killed Natasha
  7754 | D:4      | Paralysed by Grinder for 3 turns
  7759 | D:4      | Killed Grinder
  7760 | D:4      | Reached skill level 13 in Necromancy
  7760 | D:4      | Reached XP level 8. HP: 33/54 MP: 11/11
  7865 | D:4      | Noticed Natasha
  7871 | D:4      | Killed Natasha
  8109 | D:5      | Reached skill level 14 in Necromancy
  8280 | D:6      | Noticed Menkaure
  8291 | D:6      | Killed Menkaure
  8865 | D:6      | Succumbed to a gnoll sergeant's poison

Illustrated notes

Levels and vault maps discovered:
D:1:      evilmike_arrival_plus, layout_basic, hellmonk_ecumenical_altar_run_dry
D:2:      layout_basic, corexii_leaking_fountain
D:3:      layout_loops_ring, minmay_quantized
D:4:      layout_loops_cross, nicolae_dithmenos_through_a_glass_darkly,
          gammafunk_temple_overflow_elements, minmay_between, uniq_grinder,
          uniq_natasha, uniq_sigmund
D:5:      layout_loops_ring, nicolae_ashenzari_skybound, temple_fountains
D:6:      layout_basic, amcnicky_altar_gilded, lightli_sewer_entry_pipes,
          uniq_menkaure
Temple:   oiseaux_autumnal_temple

Skill      XL: |  1  2  3  4  5  6  7  8 |
---------------+-------------------------+-----
Necromancy     | 5 6 8 9 11 13 14 | 14.8
Dodging        | |  1.7
Stealth        | |  1.7
Spellcasting   | |  2.0

Action                   |  1- 3 |  4- 6 |  7- 9 || total
-------------------------+-------+-------+-------++-------
Melee: Unarmed           |     2 |       |       ||     2
       Dagger            |     5 |    37 |    37 ||    79
       Hand axe          |       |    15 |    15 ||    30
       Whip              |       |       |    41 ||    41
 Cast: Pain              |    63 |    94 |    54 ||   211
       Animate Dead      |       |     5 |       ||     5
       Vampiric Draining |       |     1 |       ||     1
       Magic Dart        |       |       |     3 ||     3
  Use: Scroll            |       |     1 |       ||     1
 Stab: Paralysed         |       |       |    22 ||    22
       Sleeping          |       |       |     2 ||     2
Armor: Robe              |     2 |    18 |    19 ||    39
Dodge: Dodged            |     9 |    97 |    65 ||   171
Block: Other             |       |       |    23 ||    23

Table legend: (Time is in decaauts)
 A = Elapsed time spent in this place.
 B = Non-inter-level travel time spent in this place.
 C = Inter-level travel time spent in this place.
 D = Time resting spent in this place.
 E = Time spent auto-exploring this place.
 F = Levels seen in this place.
 G = Mean time per level.
                   A        B        C        D        E       F      G
               +--------+--------+--------+--------+--------+-----+--------+
         Total |   8888 |   8783 |    105 |    911 |   6102 |   7 | 1269.7 |
       Dungeon |   8635 |   8530 |    105 |    911 |   5860 |   6 | 1439.2 |
        Temple |    253 |    253 |      0 |      0 |    242 |   1 |  253.0 |
               +--------+--------+--------+--------+--------+-----+--------+

Top non-repeatable levels by time:
     D:3: 2436 daAuts
     D:4: 2299 daAuts
     D:1: 1350 daAuts
     D:5: 1280 daAuts
     D:2: 906 daAuts
     D:6: 362 daAuts
  Temple: 253 daAuts
